 Dungeon Crawl Stone Soup version 0.9-a1-1014-gfb4a452 character file.

1525690 hyperbolic the Invulnerable (level 25, 193/208 HPs)
             Began as a Deep Dwarf Abyssal Knight on July 6, 2011.
             Was the Champion of Makhleb.
             Escaped with the Orb
             ... and 3 runes on July 9, 2011!
             The game lasted 05:23:18 (72934 turns).

hyperbolic the Invulnerable (DDAK)                 Turns: 72934, Time: 05:23:18

HP 193/208       AC 44     Str 29 Exp: 25/930080 (191), need: 45569
MP  29/31        EV 11     Int 15      God: Makhleb [******]
Gold 2424        SH 28     Dex 17      Spells: 10 memorised,  7 levels left

Res.Fire  : + + +   See Invis. : .   w - staff of wizardry
Res.Cold  : + + .   Warding    : . . C - +11 gold dragon armour
Life Prot.: + . .   Conserve   : +   X - -3 shield "Deosm" {Str+4 Dex+5}
Res.Acid. : . . .   Res.Corr.  : .   A - +2 wizard hat {MR}
Res.Poison: +       Clarity    : .   F - +2 cloak of Keol {Dex-2 Acc+1}
Res.Elec. : .       Spirit.Shd : .   v - +2 pair of gauntlets
Sust.Abil.: . .     Stasis     : .   B - +2 pair of boots {Stlth+}
Res.Mut.  : .       Ctrl.Telep.: x   i - amulet of conservation
Res.Rott. : .       Levitation : +   D - ring of Eternal Harmony {EV+4 Str+1 Dex+2}
Saprovore : . . .   Ctrl.Flight: +   p - ring of the Ancient Stars {Wiz rF++ rC+ Ac

@: non-regenerating, flying, very slightly glowing, very quick, extraordinarily
resistant to hostile enchantments, extremely unstealthy
A: damage resistance, deformed body 2, deterioration 1, -10% hp, life protection
1, sense surroundings 3, slow healing 3, Str -1, Int -1
a: Device Recharging, Minor Destruction, Lesser Servant of Makhleb, Major
Destruction, Greater Servant of Makhleb, Renounce Religion
}: 3/15 runes: serpentine, barnacled, silver


You escaped.
You worshipped Makhleb.
Makhleb was exalted by your worship.
You were not hungry.

You visited 10 branches of the dungeon, and saw 70 of its levels.
You visited the Abyss 1 time.
You visited 3 portal chambers: ice cave, spiders nest, bailey.

You collected 8460 gold pieces.
You spent 6056 gold pieces at shops.

Inventory:

Hand weapons
 a - a +7,+9 demon whip of flaming
 b - a +0 blowgun
Missiles
 L - 10 curare-tipped +0 needles
Armour
 v - a +2 pair of gauntlets (worn)
 A - a +2 wizard hat of magic resistance (worn)
 B - a +2 pair of boots of stealth (worn)
 C - a +11 gold dragon armour (worn)
 F - the +2 cloak of Keol (worn) {Dex-2 Acc+1}
   (You found it on level 16 of the Dungeon)

   It affects your dexterity (-2).
   It affects your accuracy (+1).
 X - the -3 shield "Deosm" (worn) {Str+4 Dex+5}
   (You acquired it on level 26 of the Dungeon)

   It affects your strength (+4).
   It affects your dexterity (+5).
Magical devices
 c - a wand of healing (4)
 t - a wand of digging (15)
 z - a wand of disintegration (1)
 E - a wand of cold (6)
 H - a wand of hasting (3)
Comestibles
 u - a royal jelly
 y - 9 meat rations
Scrolls
 j - 5 scrolls of teleportation
 G - 5 scrolls of blinking
Jewellery
 i - an amulet of conservation (around neck)
 l - the ring of Qenowub {+Rage +Lev rF+ Str-1 Int+1}
   (You found it on level 8 of the Vaults)

   [ring of protection from fire]

   It affects your strength (-1).
   It affects your intelligence (+1).
   It lets you levitate.
   It lets you go berserk.
 m - an uncursed amulet of stasis
 o - the ring of Atiggiy {Wiz Dex+3 Int+2 SInv}
   (You found it on level 27 of the Dungeon)

   [ring of wizardry]

   It affects your intelligence (+2).
   It affects your dexterity (+3).
   It enhances your eyesight.
 p - the ring of the Ancient Stars (left hand) {Wiz rF++ rC+ Acc+1}
   (You bought it in a shop on level 25 of the Dungeon)

   [ring of wizardry]

   It affects your accuracy (+1).
   It greatly protects you from fire.
   It protects you from cold.
 D - the ring of Eternal Harmony (right hand) {EV+4 Str+1 Dex+2}
   (You found it on level 8 of the Vaults)

   [ring of evasion]

   It affects your evasion (+4).
   It affects your strength (+1).
   It affects your dexterity (+2).
 V - an uncursed amulet of warding
 W - an uncursed amulet of resist corrosion
Potions
 n - 2 potions of restore abilities
 r - 7 potions of brilliance
 I - 10 potions of healing
 K - a potion of might
 O - a potion of resistance
Magical staves
 w - a staff of wizardry (weapon)
Orbs of Power
 e - the Orb of Zot You had 191 experience left.


   Skills:
 - Level 15 Fighting
 - Level 2 Axes
 - Level 16 Maces & Flails
 - Level 2 Throwing
 * Level 27 Armour
 - Level 1 Dodging
 - Level 1 Stealth
 - Level 1 Stabbing
 - Level 15 Shields
 - Level 1 Traps & Doors
 - Level 10 Spellcasting
 + Level 10 Charms
 - Level 20 Translocations
 - Level 7 Air Magic
 - Level 11 Invocations
 - Level 1 Evocations


You had 7 spell levels left.
You knew the following spells:

 Your Spells              Type           Power        Success   Level  Hunger
f - Flight                Air/Chrm       #####.....   Great       4    Choko
i - Insulation            Air/Chrm       #####.....   Great       4    Choko
p - Phase Shift           Tloc           #######...   Excellent   5    Honeycomb
r - Repel Missiles        Air/Chrm       #####.....   Excellent   2    None
s - Swiftness             Air/Chrm       #####.....   Excellent   2    None
t - Control Teleport      Chrm/Tloc      #######...   Excellent   4    Choko
v - Blink                 Tloc           N/A          Excellent   2    None
A - Apportation           Tloc           #######...   Excellent   1    None
D - Dispersal             Tloc           #######...   Excellent   6    Honeycomb
V - Controlled Blink      Tloc           N/A          Great       7    Ration

Dungeon Overview and Level Annotations

Branches:
Dungeon (27/27)            Temple (1/1) D:5             Orc (4/4) D:8
    Elf (0/5) Orc:3          Lair (8/8) D:10         Shoals (5/5) Lair:4
  Slime (0/6) Lair:6        Snake (5/5) Lair:3         Hive (2/2) D:15
  Vault (8/8) D:16          Blade (0/1) Vault:5       Crypt (5/5) Vault:3
    Zot (5/5) D:27
   Tomb: Crypt:2-3

Altars:
Ashenzari
Cheibriados
Elyvilon
Fedhas
Kikubaaqudgha
Makhleb
Nemelex Xobeh
Okawaru
Sif Muna
The Shining One
Trog
Vehumet
Xom
Yredelemnul
Zin
Beogh
Jiyva

Shops:
D:4: [%[[( D:7: ! D:16: + D:17: [ D:23: ! D:24: !( D:25: * Orc:1: * Orc:3: = Orc:4: (*?( Snake:3: = Vault:1: [ Vault:2: (+% Vault:4: ( Vault:5: /

Portals:
Hell: D:21 D:22 D:23 D:24 D:25 D:26 D:27
Abyss: D:21 D:22 D:25
Pan: D:24

Annotations
D:3 exclusion: downstairs
Snake:4 exclusion: Roxanne
Crypt:1 exclusion: 2 curse skulls
Crypt:2 exclusion: curse skull
Crypt:3 exclusions: curse skull and door
Crypt:5 exclusions: curse skull and 1 more exclusion


Innate Abilities, Weirdness & Mutations

You are resistant to damage.
You can recharge devices by infusing magical energy.
You resist negative energy.
You passively map a large area around you.
You do not heal naturally.
Armour fits poorly on your deformed body.
Your body is slowly deteriorating.
You are dopey (Int -1).
You are frail (-10% HP).
You are weak (Str -1).


Message History

(D) Dungeon (T) Temple (O) Orcish Mines (E) Elven Halls (L) Lair (A) Shoals (M) Slime Pits (P) Snake Pit (H) Hive (V) Vaults (B) Hall of Blades (C) Crypt (U) Hell (Z) Zot
Where to? (* - list waypoints, Enter - D:1 @ (x,y), ? - help)
You are starting to lose your buoyancy.
Casting: Swiftness
Confirm with . or Enter, or press ? or * to list all spells.
You feel more buoyant.
(D) Dungeon (T) Temple (O) Orcish Mines (E) Elven Halls (L) Lair (A) Shoals (M) Slime Pits (P) Snake Pit (H) Hive (V) Vaults (B) Hall of Blades (C) Crypt (U) Hell (Z) Zot
Where to? (* - list waypoints, Enter - D:1 @ (x,y), ? - help)
There is some shallow water here.
There is a staircase leading out of the dungeon here.
Drink which item? (? for menu, Esc to quit)
Okay, then.
Are you sure you want to win?
You have escaped!

#.# ########.# ...).....#
##.......#################
##..............~~~~~~~~~#
##....#...........~~~~~~~#
......#...~~~~~.....~.~~~#
##.#.....~~.~~~~~~....~~~#
.#.#.....~..~~~~@~~.....~#
..........~~~~~~~~~~.<..~#
.........~..~~~<~~.....~~#
....##..~.~~.~.~~~...~.~~#
#..###...~~~~~.~.....~~~~#
....#.......~....~~~~~~~~#
#.......#.......~~~~~~~~~#
##########################


There were no monsters in sight!

Vanquished Creatures
  2 ancient liches
  The ghost of MakMorn the Phalangite, a great HOFi (Vault:6)
  Boris (D:27)
  Mara (Vault:6)
  4 golden dragons
  Xtahua (D:25)
  Frederick (D:24)
  An electric golem (Zot:4)
  The ghost of lordfrikk the Impregnable, a mighty MDGl of Trog (D:23)
  5 liches
  A quicksilver dragon (Vault:8)
  9 shadow dragons
  A storm dragon (Zot:3)
  5 sphinxes
  Rupert (Snake:1)
  Aizul (D:17)
  Ilsuiw (Shoals:5)
  Agnes (Crypt:2)
  An iron dragon (Vault:8)
  3 ghouls
  Donald (Snake:3)
  3 frost giants
  A quicksilver dragon zombie (D:22)
  A bone dragon (Zot:4)
  An orc warlord (D:26)
  Maud (Snake:1)
  Gastronok (Lair:6)
  3 tentacled monstrosities
  43 stone giants
  8 fire giants
  A quicksilver dragon skeleton (Crypt:5)
  A draconian caller (Zot:1)
  A grey draconian (Zot:1)
  An ophan (D:17)
  2 shedu (D:17)
  A white draconian (Zot:1)
  2 mottled draconians
  Azrael (D:18)
  6 greater nagas (Snake:5)
  A pale draconian (Zot:1)
  A titan zombie (Crypt:4)
  Snorg (D:16)
  3 sirens
  23 vault guards (Vault:8)
  A titan skeleton (Vault:8)
  3 great orbs of eyes
  9 ettins
  42 yaktaur captains
  3 dragons
  A storm dragon skeleton (Crypt:5)
  A vampire knight (Crypt:3)
  7 hydras
  A great orb of eyes (shapeshifter) (Vault:8)
  Harold (Orc:4)
  5 ice dragons
  2 merfolk aquamancers (Shoals:5)
  5 anacondas
  4 merfolk javelineers (Shoals:5)
  13 ogre magi
  2 merfolk impalers (Shoals:5)
  A golden dragon skeleton (Crypt:5)
  A dancing weapon (D:26)
  2 draconians (shapeshifter)
  10 deep trolls
  A deep troll (shapeshifter) (D:27)
  A death yak (shapeshifter) (Vault:8)
  2 frost giant zombies
  2 spriggan druids (Lair:8)
  2 stone giant zombies
  A fire giant zombie (D:21)
  A death yak (Lair:7)
  33 centaur warriors
  3 very ugly things
  2 frost giant skeletons
  An emperor scorpion (shapeshifter) (D:26)
  2 fire giant skeletons
  12 stone giant skeletons
  A shadow wraith (D:21)
  An iron troll (D:24)
  69 skeletal warriors
  A giant orange brain (D:23)
  3 elves (shapeshifter)
  3 deep elf knights
  3 giant orange brains (shapeshifter)
  A pale draconian zombie (Crypt:1)
  3 unseen horrors
  A white draconian zombie (Crypt:1)
  A wizard (D:17)
  16 hill giants
  10 flayed ghosts
  20 naga warriors
  2 iron troll zombies
  27 orc knights
  A giant amoeba (shapeshifter) (D:26)
  Pikel (D:6)
  6 orc sorcerers
  A red wasp (shapeshifter) (Vault:8)
  4 sea snakes
  A giant amoeba (Vault:5)
  2 necromancers (Crypt:5)
  A swamp dragon (shapeshifter) (Vault:8)
  Urug (D:10)
  3 phantasmal warriors
  15 harpies
  An oklob plant (Shoals:3)
  A guardian serpent (Snake:2)
  3 iron troll skeletons
  2 griffons
  13 cyclopes
  6 red wasps
  A harpy skeleton (D:26)
  2 moths of wrath
  A griffon zombie (D:18)
  A fire crab (D:21)
  An ice dragon zombie (Crypt:1)
  Maurice (D:10)
  3 portal mimics
  3 reapers
  10 wolf spiders
  2 spiny worms
  3 elephant slugs
  A dragon zombie (D:22)
  6 trapdoor spiders
  2 moths of wrath (shapeshifter) (Vault:8)
  A wolf spider (shapeshifter) (Vault:8)
  An ettin zombie (D:21)
  39 slime creatures
  7 ettin skeletons
  A spiny worm zombie (Vault:5)
  27 weapon mimics
  4 orange demons
  10 elephants
  2 door mimics
  78 yaktaurs
  3 stair mimics
  A yaktaur (shapeshifter) (D:20)
  19 naga magi
  12 rock trolls
  A giant toad zombie (Crypt:3)
  3 hill giant zombies (D:21)
  6 mermaids
  2 black mamba zombies (Snake:2)
  3 dragon skeletons
  32 black mambas
  Psyche (D:10)
  5 hellwings
  A rock troll (shapeshifter) (D:21)
  2 giant toad skeletons
  7 spiny frogs
  A queen ant (shapeshifter) (Vault:8)
  A guardian mummy (Crypt:3)
  16 trolls
  A komodo dragon (shapeshifter) (D:16)
  3 komodo dragons
  A hell beast (D:27)
  6 smoke demons
  74 ugly things
  2 queen bees
  2 hill giant skeletons
  11 spriggans (Lair:8)
  A spriggan (shapeshifter) (Vault:8)
  7 redbacks
  A two-headed ogre (shapeshifter) (Vault:2)
  3 rock troll zombies
  24 two-headed ogres
  19 blink frogs
  A deep troll skeleton (Vault:8)
  24 giant toads
  A giant firefly (Lair:8)
  6 snapping turtles
  3 rock troll skeletons
  A blink frog zombie (D:22)
  An elephant zombie (Crypt:1)
  4 vampires
  A merfolk skeleton (Crypt:5)
  A viper (shapeshifter) (Vault:6)
  2 wyverns
  7 wraiths
  41 yaks
  5 grizzly bears (Lair:8)
  3 fire elementals (D:18)
  A steam dragon (Lair:4)
  3 deep elf conjurers (D:21)
  2 sharks
  A deep elf summoner (D:27)
  A lindwurm skeleton (Crypt:1)
  2 hungry ghosts
  2 viper zombies (Snake:2)
  Grum (D:9)
  12 hippogriffs
  A merfolk (shapeshifter) (Vault:8)
  A wood golem (D:21)
  A ynoxinul (D:27)
  3 fire drakes
  2 yaktaur zombies
  2 vipers
  3 war dogs
  A steam dragon (shapeshifter) (Vault:8)
  3 deep elf fighters
  4 neqoxecs
  26 merfolk
  15 vampire mosquitoes
  4 basilisks
  Edmund (D:4)
  2 rock worms
  5 mottled dragons
  A soldier ant (D:17)
  9 jumping spiders (Port)
  12 manticores
  12 necrophages
  12 insubstantial wisps
  A yaktaur skeleton (D:21)
  A komodo dragon skeleton (Crypt:1)
  9 freezing wraiths
  A wyvern skeleton (Crypt:1)
  A gargoyle (Vault:1)
  4 cyclops zombies
  A deep elf priest (D:27)
  A human (shapeshifter) (Vault:8)
  16 ice beasts
  60 ogres
  6 yellow wasps (Hive:2)
  4 cyclops skeletons
  3 sky beasts
  5 hell hounds (D:18)
  52 orc warriors
  7 phantoms
  A giant goldfish (D:27)
  A troll zombie (D:13)
  2 rotting devils
  7 black bears (Lair:8)
  A red devil (D:27)
  A polar bear skeleton (Crypt:4)
  A yak skeleton (D:14)
  A hippogriff skeleton (Crypt:1)
  A small abomination (D:24)
  43 centaurs
  3 kobold demonologists (D:19)
  21 wolves
  A boring beetle (shapeshifter) (D:9)
  2 yellow wasp zombies
  A boring beetle (Vault:7)
  10 crocodiles
  79 nagas
  2 wolf skeletons
  8 wargs
  5 giant slugs
  15 giant frogs
  A giant slug (shapeshifter) (D:27)
  28 water moccasins
  A silver statue (D:27)
  8 big kobolds
  A water moccasin skeleton (Crypt:2)
  A war dog skeleton (Crypt:1)
  3 tarantellas (Port)
  A black bear zombie (Crypt:4)
  6 agate snails
  5 water moccasin zombies
  2 eyes of draining
  71 killer bees
  An eye of draining (shapeshifter) (D:20)
  2 electric eels (Hive:2)
  A bumblebee simulacrum (Vault:4)
  2 killer bee zombies
  4 jellyfish (D:11)
  A felid zombie (Crypt:5)
  16 wights
  A big kobold zombie (Crypt:5)
  5 boulder beetles
  A basilisk zombie (Crypt:1)
  2 brain worm zombies
  A mottled dragon skeleton (Vault:1)
  7 big fish
  29 gnolls
  4 shadows
  A basilisk skeleton (D:18)
  2 big kobold skeletons
  9 imps
  32 orc priests
  4 quasits
  16 hounds
  11 spiders (Port)
  3 goliath beetles
  29 orc wizards
  10 worker ants
  3 hound skeletons
  A hound zombie (Crypt:5)
  4 deep elf soldiers
  9 iguanas
  An iron imp (D:27)
  11 porcupines
  3 scorpions
  10 orange rats
  A worker ant zombie (D:9)
  A swamp drake skeleton (Crypt:5)
  Ijyb (D:3)
  A jelly (shapeshifter) (D:26)
  21 sheep
  5 boggarts (D:23)
  6 jellies
  48 snakes
  2 midges
  7 flying skulls (Crypt:5)
  66 green rats
  2 lemures (Crypt:1)
  3 giant mites
  An iguana zombie (D:17)
  A snake zombie (Snake:2)
  5 giant centipedes
  A scorpion zombie (Crypt:1)
  A shadow imp (Crypt:1)
  A sheep skeleton (Crypt:4)
  A draconian skeleton (Crypt:5)
  2 snake skeletons
  2 white imps
  6 worms
  6 ufetubi
  10 grey rats
  A bat skeleton (D:5)
  A giant eyeball (D:16)
  7 giant geckos
  A giant mite zombie (Crypt:1)
  A gnoll zombie (Crypt:3)
  An ooze (D:27)
  241 orcs
  42 bats
  23 goblins
  16 hobgoblins
  21 jackals
  12 quokkas
  12 giant cockroaches
  A giant cockroach zombie (Crypt:3)
  A giant gecko skeleton (D:23)
  8 giant newts
  A hobgoblin skeleton (Orc:4)
  13 killer bee larvae
  2 kobolds (shapeshifter) (Vault:8)
  53 kobolds
  2 kobold skeletons
  2 kobold zombies
  5 orc skeletons
  4 orc zombies
  A quokka skeleton (Crypt:5)
  28 rats
  2 small snakes
  5 small snake zombies (Snake:2)
  A bush (Lair:8)
  2 fungi
  7 plants
  13 toadstools
2748 creatures vanquished.

Vanquished Creatures (collateral kills)
  Saint Roka (Vault:1)
  Mennas (D:26)
  The ghost of wafflepants the Devastator, a mighty DECj of Sif Muna (Vault:7)
  A ghost moth (Port)
  A shadow dragon (D:24)
  Frances (Vault:2)
  A sphinx (Vault:7)
  3 ghouls
  An Executioner (Crypt:5)
  2 bone dragons (Crypt:5)
  Wiglaf (Crypt:3)
  A Green Death (Vault:7)
  A deep elf sorcerer (D:16)
  A Blue Death (Crypt:5)
  A dragon (D:22)
  A hydra (Vault:2)
  Erica (Lair:2)
  2 ice dragons (Port)
  A storm dragon skeleton (D:23)
  5 ogre magi
  4 death yaks (Lair:7)
  A stone giant skeleton (D:22)
  A centaur warrior (Vault:6)
  An iron dragon skeleton (Crypt:3)
  5 skeletal warriors
  Erolcha (D:8)
  3 ice statues
  2 hill giants (Orc:4)
  A siren zombie (Crypt:4)
  A harpy skeleton (D:16)
  A phantasmal warrior (Crypt:5)
  7 spiny worms
  An orange demon (Vault:2)
  6 elephants (D:10)
  2 cyclopes (Orc:4)
  4 slime creatures (Vault:6)
  A spiny worm zombie (Crypt:3)
  A hellwing (Vault:2)
  An ettin skeleton (Vault:7)
  A guardian mummy (Crypt:3)
  23 ugly things
  2 rock trolls (Orc:4)
  2 smoke demons (Vault:2)
  2 redbacks (Port)
  7 two-headed ogres
  A snapping turtle (shapeshifter) (D:24)
  9 trolls
  A deep troll skeleton (Vault:7)
  3 blink frogs (Lair:2)
  2 giant toads
  3 neqoxecs (Vault:2)
  A mottled dragon (D:16)
  7 ice beasts
  2 jumping spiders (Port)
  4 necrophages
  A red devil (Vault:2)
  3 orc warriors
  25 ogres
  2 tarantellas (Port)
  A water moccasin (Lair:2)
  A boulder beetle (D:24)
  4 wights (Crypt:3)
  3 orc priests
  A porcupine (Lair:2)
  An orange rat zombie (Crypt:3)
  An orc wizard (Orc:4)
  A worm zombie (Crypt:3)
  A flying skull (Crypt:5)
  A mummy (Crypt:4)
  7 orcs
  A goblin (Orc:4)
  A jackal (D:8)
  A bat (D:8)
  An orc zombie (Crypt:4)
  A quokka skeleton (Crypt:3)
  A plant (Lair:6)
201 creatures vanquished.

Vanquished Creatures (others)
  2 Balrugs
  5 Executioners
  2 Cacodemons
  5 Blue Deaths
  4 Green Deaths
  2 skeletal warriors (Crypt:3)
  17 slime creatures
  An orange demon (Orc:4)
  2 yaktaurs (D:13)
  A spriggan skeleton (Crypt:5)
  A silent spectre (Crypt:3)
  A smoke demon (D:8)
  A two-headed ogre (Vault:8)
  A human (shapeshifter) (D:27)
  A ynoxinul (D:8)
  A steam dragon (Zot:1)
  A vampire (Crypt:3)
  2 cyclops skeletons
  An orc warrior (D:21)
  An ogre (D:19)
  2 nagas (Snake:5)
  A water moccasin (Snake:5)
  A two-headed ogre skeleton (Crypt:5)
  A shadow (D:27)
  An orc priest (Vault:2)
  A hound (D:24)
  An orc wizard (D:8)
  A porcupine (Lair:5)
  2 snakes
  5 ufetubi (D:8)
  5 orcs
  A bat (D:6)
  3 quokkas
  A giant newt (D:1)
  3 jackals
  A rat (D:21)
  6 fungi
  3 plants
  19 toadstools
110 creatures vanquished.

Grand Total: 3059 creatures vanquished

Notes
Turn   | Place    | Note
--------------------------------------------------------------
     0 | Abyss    | hyperbolic, the Deep Dwarf Abyssal Knight, began the quest for the Orb.
     0 | Abyss    | Reached XP level 1. HP: 19/19 MP: 1/1
    57 | D:1      | You pass through the gate.
   322 | D:3      | Reached XP level 2. HP: 23/26 MP: 3/3
   336 | D:4      | Found Yptod's Antique Armour Shoppe.
   369 | D:4      | Reached skill level 4 in Invocations
   454 | D:4      | Reached skill level 1 in Maces & Flails
   454 | D:4      | Reached XP level 3. HP: 20/33 MP: 5/5
   479 | D:4      | Found Oguelan's Food Boutique.
   484 | D:4      | Found Duasso's Armour Boutique.
   503 | D:4      | Bought a cursed +0 helmet for 23 gold pieces
   516 | D:4      | Acquired Lugonu's second power
   516 | D:4      | Reached XP level 4. HP: 23/40 MP: 6/6
   567 | D:4      | Noticed Edmund
   573 | D:5      | Entered Level 5 of the Dungeon
   653 | D:5      | Reached XP level 5. HP: 41/46 MP: 8/8
   713 | D:4      | Found Claih's Antique Weapon Shop.
   725 | D:4      | Found a burning altar of Makhleb.
   832 | D:4      | Found Oto Heiwnofi's Armour Shop.
   843 | D:4      | Bought a +0 cloak for 15 gold pieces
  1000 | D:4      | Reached XP level 6. HP: 43/55 MP: 10/10
  1119 | D:5      | Reached skill level 5 in Maces & Flails
  1142 | D:5      | Found a sparkling altar of Nemelex Xobeh.
  1270 | D:6      | Reached XP level 7. HP: 17/61 MP: 11/11
  1325 | D:6      | Acquired Lugonu's third power
  1497 | D:5      | Reached skill level 6 in Maces & Flails
  1533 | D:5      | Found a staircase to the Ecumenical Temple.
  1555 | Temple   | Entered the Ecumenical Temple
  1570 | Temple   | Fell from the grace of Lugonu
  1570 | Temple   | Was placed under penance by Lugonu
  1570 | Temple   | Became a worshipper of Xom the Psychopath
  1591 | Temple   | Fell from the grace of Xom
  1591 | Temple   | Was placed under penance by Xom
  1591 | Temple   | Became a worshipper of Cheibriados the Contemplative
  1608 | Temple   | Fell from the grace of Cheibriados
  1608 | Temple   | Was placed under penance by Cheibriados
  1608 | Temple   | Became a worshipper of Kikubaaqudgha
  1637 | Temple   | Fell from the grace of Kikubaaqudgha
  1637 | Temple   | Was placed under penance by Kikubaaqudgha
  1637 | Temple   | Became a worshipper of Zin the Law-Giver
  1813 | D:4      | Fell from the grace of Zin
  1813 | D:4      | Was placed under penance by Zin
  1813 | D:4      | Became a worshipper of Makhleb the Destroyer
  3305 | D:3      | Noticed Ijyb
  3324 | D:3      | Defeated Ijyb
  3429 | D:3      | Found a basalt altar of Yredelemnul.
  3556 | D:3      | Acquired Makhleb's first power
  3587 | D:3      | Noticed hyperbolic's ghost (average DDAK)
  3907 | D:6      | Noticed Pikel
  3923 | D:6      | Defeated Pikel
  3923 | D:6      | Reached skill level 7 in Maces & Flails
  3923 | D:6      | Reached skill level 1 in Spellcasting
  3923 | D:6      | Reached skill level 1 in Evocations
  3923 | D:6      | Reached XP level 8. HP: 40/69 MP: 12/12
  4053 | D:6      | Found a radiant altar of Vehumet.
  4283 | D:7      | Found Olloif's Distillery.
  4424 | D:7      | Reached skill level 8 in Maces & Flails
  4540 | D:7      | Acquired Makhleb's second power
  4561 | D:7      | Reached skill level 1 in Stabbing
  4693 | D:7      | Reached skill level 1 in Stealth
  4787 | D:4      | Defeated Edmund
  4787 | D:4      | Reached skill level 5 in Invocations
  4787 | D:4      | Gained mutation: You passively map the area around you.
  4787 | D:4      | Reached XP level 9. HP: 47/75 MP: 12/14
  4843 | D:4      | Bought a bloodstained large shield for 350 gold pieces
  4852 | D:4      | Identified the cursed -4 large shield "Ylicsok" (You bought it in a shop on level 4 of the Dungeon)
  5669 | D:7      | Acquired Makhleb's third power
  5705 | D:8      | Reached skill level 1 in Traps & Doors
  5749 | D:8      | Noticed a vampire
  5757 | D:8      | Noticed a cyan ugly thing
  5757 | D:8      | Defeated a vampire
  5757 | D:8      | Reached skill level 1 in Shields
  5898 | D:8      | Defeated a cyan ugly thing
  6047 | D:8      | Reached skill level 5 in Shields
  6212 | D:8      | Acquired Makhleb's fourth power
  6234 | D:8      | Found a roughly hewn altar of Beogh.
  6244 | D:8      | Found a staircase to the Orcish Mines.
  6329 | D:8      | Reached XP level 10. HP: 46/80 MP: 16/16
  6395 | D:8      | Found a white marble altar of Elyvilon.
  6414 | D:8      | Found a shattered altar of Ashenzari.
  6422 | D:8      | Got a torn book
  6423 | D:8      | Identified Ashenzari's Volume of Skeletal cook (You found it on level 8 of the Dungeon)
  6426 | D:8      | Found a blossoming altar of Fedhas.
  6428 | D:8      | Noticed Erolcha
  6446 | D:8      | Defeated Erolcha
  6802 | D:7      | Bought a potion of healing for 24 gold pieces
  6803 | D:7      | Bought a potion of might for 30 gold pieces
  6938 | D:8      | Reached skill level 9 in Shields
  7084 | D:9      | An elf changed into a boring beetle
  7093 | D:9      | Defeated a boring beetle
  7303 | D:9      | Acquired Makhleb's fifth power
  7365 | D:9      | Noticed Grum
  7372 | D:9      | Defeated Grum
  7940 | D:10     | Entered Level 10 of the Dungeon
  8002 | D:10     | Reached skill level 10 in Invocations
  8004 | D:10     | Reached skill level 10 in Shields
  8050 | D:10     | Reached skill level 11 in Shields
  8060 | D:10     | Found a staircase to the Lair.
  8138 | D:10     | Noticed Psyche
  8143 | D:10     | Defeated Psyche
  8143 | D:10     | Reached XP level 11. HP: 47/84 MP: 20/20
  8321 | D:10     | Got a crystal morningstar
  8322 | D:10     | Identified the morningstar of Generosity {freeze, rPois rN+} (You found it on level 10 of the Dungeon)
  8364 | D:10     | Noticed Urug
  8507 | D:10     | Reached skill level 10 in Maces & Flails
  8556 | D:10     | Noticed Maurice
  8573 | D:10     | Defeated Maurice
  8604 | D:10     | tartakower: maurice getting away with your wand of healing would've been funny
  8604 | D:10     | yes
  8823 | D:10     | Defeated Urug
  9061 | D:9      | Reached skill level 12 in Maces & Flails
  9400 | Lair:1   | Entered Level 1 of the Lair of Beasts
  9835 | Lair:1   | XOM: torment (52/84 hp)
  9976 | Lair:1   | Reached skill level 5 in Armour
 11179 | Lair:2   | Noticed Erica
 11187 | Lair:2   | Defeated Erica
 11187 | Lair:2   | Reached XP level 12. HP: 56/97 MP: 16/22
 11234 | Lair:2   | Reached skill level 10 in Armour
 11642 | Lair:3   | Found a glowing golden altar of the Shining One.
 11707 | Lair:3   | Found a staircase to the Snake Pit.
 11723 | Lair:3   | XOM: stat loss: -3 Dex (9/12)
 11803 | Lair:3   | Found a frozen archway.
 11825 | Lair:3   | Reached skill level 5 in Fighting
 11845 | IceCv    | Entered an ice cave
 13089 | Lair:4   | Found a staircase to the Shoals.
 13809 | Lair:4   | Reached skill level 10 in Fighting
 14130 | Lair:5   | Reached skill level 13 in Maces & Flails
 14308 | Lair:5   | Reached XP level 13. HP: 117/117 MP: 23/23
 14766 | Lair:5   | Reached skill level 14 in Maces & Flails
 15278 | Lair:6   | Found a viscous altar of Jiyva.
 15278 | Lair:6   | Found a staircase to the Slime Pits.
 15425 | Lair:6   | Noticed Gastronok
 15557 | Lair:6   | Defeated Gastronok
 15557 | Lair:6   | Reached skill level 15 in Maces & Flails
 15903 | Lair:7   | Found a crumbling entrance.
 15912 | Spider   | Entered a spider's nest
 16201 | Spider   | Reached skill level 16 in Maces & Flails
 16536 | Lair:7   | Gained mutation: Your muscles are strong (Str +1).
 16537 | Lair:7   | Gained mutation: Your muscles are strong (Str +2).
 16997 | Lair:7   | Gained mutation: You resist negative energy.
 16997 | Lair:7   | Reached XP level 14. HP: 124/126 MP: 24/24
 17173 | Lair:7   | You fall through a shaft!
 17173 | Lair:8   | Entered Level 8 of the Lair of Beasts
 17552 | Lair:8   | Reached skill level 15 in Shields
 19458 | Orc:1    | Entered Level 1 of the Orcish Mines
 19782 | Orc:2    | Noticed a two-headed ogre
 19795 | Orc:2    | Found a roughly hewn altar of Beogh.
 19802 | Orc:2    | Defeated a two-headed ogre
 20195 | Orc:1    | Found Wiog's Assorted Antiques.
 20250 | Orc:1    | Bought a scroll of teleportation for 78 gold pieces
 20250 | Orc:1    | Bought a silver ring for 130 gold pieces
 20527 | Orc:2    | Found a roughly hewn altar of Beogh.
 20817 | Orc:3    | Found a staircase to the Elven Halls.
 20819 | Orc:3    | Found Strauw's Jewellery Shoppe.
 20836 | Orc:3    | Bought an uncursed amulet of rage for 168 gold pieces
 21094 | Orc:3    | Found a flagged portal. 21124
                  | bailey
                  | Entered the bailey
 21518 | Orc:4    | Entered Level 4 of the Orcish Mines
 21613 | Orc:4    | Noticed Harold
 21626 | Orc:4    | Defeated Harold
 21770 | Orc:4    | Found Vaoda's Antique Weapon Shop.
 21770 | Orc:4    | Noticed an ogre mage
 21770 | Orc:4    | Noticed a rock troll
 21778 | Orc:4    | Noticed a two-headed ogre
 21778 | Orc:4    | Noticed a two-headed ogre
 21780 | Orc:4    | Defeated an ogre mage
 21783 | Orc:4    | Defeated a two-headed ogre
 21786 | Orc:4    | Noticed a two-headed ogre
 21787 | Orc:4    | Noticed a two-headed ogre
 21787 | Orc:4    | Noticed a cyclops
 21788 | Orc:4    | Defeated a two-headed ogre
 21788 | Orc:4    | Defeated a rock troll
 21789 | Orc:4    | Noticed a two-headed ogre
 21789 | Orc:4    | Defeated a two-headed ogre
 21790 | Orc:4    | Defeated a two-headed ogre
 21791 | Orc:4    | Defeated a two-headed ogre
 21793 | Orc:4    | Defeated a cyclops
 21794 | Orc:4    | Noticed a rock troll
 21799 | Orc:4    | Defeated a rock troll
 21801 | Orc:4    | Noticed an ogre mage
 21804 | Orc:4    | Defeated an ogre mage
 21804 | Orc:4    | Reached skill level 15 in Armour
 21807 | Orc:4    | Found Caummes' Magic Scroll Shoppe.
 21810 | Orc:4    | Noticed a cyclops
 21811 | Orc:4    | Found Dipaxaup's General Store.
 21811 | Orc:4    | Found Thuec's Weapon Boutique.
 21817 | Orc:4    | Noticed a two-headed ogre
 21817 | Orc:4    | Defeated a cyclops
 21819 | Orc:4    | Defeated a two-headed ogre
 22166 | Orc:3    | Reached XP level 15. HP: 90/133 MP: 23/23
 22548 | Orc:4    | Bought a scroll of acquirement for 624 gold pieces
 22556 | Orc:4    | Bought a scroll of identify for 24 gold pieces
 22556 | Orc:4    | Bought a scroll of identify for 24 gold pieces
 22556 | Orc:4    | Bought a scroll of identify for 24 gold pieces
 24919 | D:14     | Found an ancient bone altar of Kikubaaqudgha.
 25247 | D:15     | Entered Level 15 of the Dungeon
 25412 | D:15     | Found a burning altar of Makhleb.
 25644 | D:15     | Found a staircase to the Hive.
 25851 | D:15     | XOM: torment (89/140 hp)
 26080 | D:16     | Got a twisted cloak
 26084 | D:16     | Identified the +2 cloak of Keol (You found it on level 16 of the Dungeon)
 26201 | D:16     | Found a staircase to the Vaults.
 26327 | D:16     | Reached XP level 16. HP: 98/150 MP: 24/24
 26369 | D:16     | Noticed a deep elf sorcerer
 26379 | D:16     | Defeated a deep elf sorcerer
 26449 | D:16     | Found a white marble altar of Elyvilon.
 26555 | D:16     | Noticed Snorg
 26569 | D:16     | Defeated Snorg
 26645 | D:16     | Found Ashudgh's Book Shoppe.
 26679 | D:16     | Bought a book of Party Tricks for 800 gold pieces
 27042 | Lair:2   | Learned a level 2 spell: Levitation
 27044 | Lair:2   | Learned a level 1 spell: Apportation
 27049 | Lair:2   | Learned a level 2 spell: Blink
 27679 | Snake:1  | Entered Level 1 of the Snake Pit
 27716 | Snake:1  | Noticed Maud
 27736 | Snake:1  | Defeated Maud
 27750 | Snake:1  | Noticed Rupert
 27778 | Snake:1  | Defeated Rupert
 27778 | Snake:1  | Reached skill level 1 in Translocations
 28470 | Snake:1  | Reached skill level 15 in Fighting
 28496 | Snake:1  | Learned a level 2 spell: Repel Missiles
 28951 | Snake:2  | Reached skill level 1 in Charms
 29432 | Snake:2  | Reached skill level 5 in Translocations
 30107 | Snake:3  | Found Ohic's Jewellery Emporium.
 30361 | Snake:3  | Noticed Donald
 30362 | Snake:3  | :)
 30381 | Snake:3  | Defeated Donald
 30381 | Snake:3  | Reached skill level 1 in Air Magic
 31047 | Snake:4  | Reached skill level 5 in Spellcasting
 31188 | Snake:4  | Noticed Roxanne
 31281 | Snake:4  | Reached XP level 17. HP: 162/162 MP: 25/25
 31847 | Lair:2   | scary
 32006 | Hive:1   | Entered Level 1 of the Hive
 32094 | Hive:2   | Entered Level 2 of the Hive
 32410 | Vault:1  | Entered Level 1 of the Vaults
 32697 | Vault:1  | Noticed a gargoyle
 32703 | Vault:1  | Defeated a gargoyle
 32911 | Vault:1  | Found Biosuas' Armour Emporium.
 32924 | Vault:1  | Bought a +1 pair of dwarven gauntlets for 81 gold pieces
 33197 | Vault:1  | Noticed Saint Roka
 33261 | Vault:1  | Defeated Saint Roka
 33419 | Vault:2  | Found Mniclurph's Food Boutique.
 33775 | Vault:2  | Found Steucoid's Book Shoppe.
 33815 | Vault:2  | Found Alaret's Weapon Boutique.
 33978 | Vault:2  | Noticed Frances
 34002 | Vault:2  | Defeated Frances
 34816 | Vault:3  | Found a staircase to the Crypt.
 34838 | Vault:3  | Reached skill level 17 in Armour
 35217 | Crypt:1  | Entered Level 1 of the Crypt
 35516 | Crypt:1  | Gained mutation: You passively map a large area around you.
 35516 | Crypt:1  | Reached XP level 18. HP: 134/171 MP: 25/25
 35706 | Crypt:1  | XOM: stat loss: -1 Dex (9/10)
 35901 | Crypt:1  | Reached skill level 18 in Armour
 36620 | Crypt:2  | Noticed Agnes
 36630 | Crypt:2  | Defeated Agnes
 37085 | Crypt:3  | Noticed Wiglaf
 37251 | Crypt:3  | Defeated Wiglaf
 37259 | Crypt:3  | Reached skill level 19 in Armour
 37378 | Crypt:3  | Lost mutation: Your muscles are strong (Str +2).
 37378 | Crypt:3  | Lost mutation: Your muscles are strong (Str +1).
 37971 | Lair:2   | Gained mutation: You are agile (Dex +1).
 39411 | Crypt:4  | Reached skill level 20 in Armour
 39634 | Crypt:5  | Entered Level 5 of the Crypt
 40081 | Crypt:5  | Noticed a reaper
 40090 | Crypt:5  | Defeated a reaper
 40726 | Crypt:5  | Reached XP level 19. HP: 180/180 MP: 26/26
 40819 | Crypt:5  | Noticed a lich
 40850 | Crypt:5  | Defeated a lich
 40916 | Crypt:5  | Found a basalt altar of Yredelemnul.
 41017 | Crypt:5  | Noticed an ancient lich
 41059 | Crypt:5  | Defeated an ancient lich
 41059 | Crypt:5  | Reached skill level 21 in Armour
 41146 | Crypt:5  | Lost mutation: You are agile (Dex +1).
 41322 | Crypt:1  | XOM: torment (59/180 hp)
 41760 | Orc:1    | Bought 2 scrolls of enchant weapon II for 286 gold pieces
 41760 | Orc:1    | Bought a scroll of enchant weapon II for 143 gold pieces
 41845 | Orc:4    | Bought a scroll of enchant weapon II for 66 gold pieces
 41845 | Orc:4    | Bought a scroll of enchant weapon III for 240 gold pieces
 42696 | Vault:4  | Found Qyti's Antique Weapon Shoppe.
 43545 | Vault:5  | Found a staircase to the Hall of Blades.
 43747 | Vault:5  | Reached skill level 22 in Armour
 43965 | Vault:5  | Found Threudde's Magical Wand Emporium.
 44623 | Vault:6  | Noticed MakMorn's ghost (great HOFi)
 44665 | Vault:6  | Defeated MakMorn's ghost
 44840 | Vault:6  | Reached XP level 20. HP: 164/189 MP: 27/27
 44985 | Vault:6  | Noticed Mara
 45015 | Vault:6  | Noticed hyperbolic's illusion
 45022 | Vault:6  | Defeated Mara
 45264 | Vault:6  | Reached skill level 23 in Armour
 45818 | Vault:7  | Noticed wafflepants' ghost (mighty DECj)
 45831 | Vault:7  | Defeated wafflepants' ghost
 46947 | D:17     | Noticed Aizul
 46970 | D:17     | Defeated Aizul
 47014 | D:17     | XOM: torment (94/189 hp)
 47077 | D:17     | Found Iroih's Antique Armour Boutique.
 47473 | D:17     | Found a white marble altar of Elyvilon.
 47473 | D:17     | Found a glowing golden altar of the Shining One.
 47474 | D:17     | Found a glowing silver altar of Zin.
 47830 | D:18     | Reached skill level 24 in Armour
 47905 | D:18     | Noticed a fire elemental
 47910 | D:18     | Noticed a fire elemental
 47916 | D:18     | Defeated a fire elemental
 47927 | D:18     | Defeated a fire elemental
 47941 | D:18     | Noticed a fire elemental
 47949 | D:18     | Defeated a fire elemental
 47950 | D:18     | Noticed Azrael
 47950 | D:18     | Found a basalt altar of Yredelemnul.
 47963 | D:18     | Gained mutation: You are frail (-10% HP).
 47970 | D:18     | Defeated Azrael
 49386 | D:20     | Entered Level 20 of the Dungeon
 49837 | D:20     | Reached XP level 21. HP: 142/178 MP: 22/27
 49855 | D:20     | Got a twisted war axe
 49856 | D:20     | Identified the war axe "Yzeovuot" {flame, rElec rF+} (You found it on level 20 of the Dungeon)
 49892 | D:20     | Noticed a guardian serpent
 49900 | D:20     | A guardian serpent changed into a draconian
 50831 | D:21     | Found a one-way gate to the infinite horrors of the Abyss.
 51178 | D:21     | Found a gateway to Hell.
 51345 | D:21     | Reached skill level 25 in Armour
 51741 | D:21     | Noticed a pulsating lump
 51748 | D:21     | A pulsating lump changed into a merfolk
 51757 | D:21     | A slime creature changed into a pulsating lump
 51761 | D:21     | A pulsating lump changed into an anaconda
 51827 | D:21     | Got a bloodstained whip
 51828 | D:21     | Identified the whip of Adweig {freeze, +Rage +Lev MR Str+1} (You found it on level 21 of the Dungeon)
 52721 | D:21     | Noticed a deep elf conjurer
 52727 | D:21     | Noticed a deep elf conjurer
 52729 | D:21     | Defeated a deep elf conjurer
 52763 | D:21     | Defeated a deep elf conjurer
 52848 | D:21     | Reached skill level 26 in Armour
 52854 | D:21     | Noticed a deep elf conjurer
 52886 | D:21     | Defeated a deep elf conjurer
 53614 | D:23     | Found Preklam's Distillery.
 53635 | D:23     | Bought a potion of speed for 121 gold pieces
 53671 | D:23     | Noticed lordfrikk's ghost (mighty MDGl)
 53774 | D:23     | Defeated lordfrikk's ghost
 54176 | D:23     | Reached XP level 22. HP: 186/186 MP: 28/28
 54999 | D:24     | Noticed Frederick
 55123 | D:24     | Defeated Frederick
 55211 | D:24     | Reached skill level 27 in Armour
 55228 | D:24     | Found Eqofad's Distillery.
 55237 | D:24     | Bought a potion of speed for 93 gold pieces
 55237 | D:24     | Bought a potion of might for 42 gold pieces
 55238 | D:24     | Bought a potion of strong poison for 34 gold pieces
 56266 | D:24     | Found a one-way gate leading to the halls of Pandemonium.
 56362 | D:24     | Found Anaenkye's Weapon Shoppe.
 56611 | D:25     | Entered Level 25 of the Dungeon
 56812 | D:25     | Reached skill level 10 in Translocations
 57110 | D:25     | Found Awnadem's General Store.
 57119 | D:25     | Bought the ring of the Ancient Stars {Wiz rF++ rC+ Acc+1} for 793 gold pieces
 57119 | D:25     | Bought 3 scrolls of blinking for 181 gold pieces
 57119 | D:25     | Bought an uncursed amulet of resist corrosion for 231 gold pieces
 57388 | D:25     | Noticed Xtahua
 57412 | D:25     | Defeated Xtahua
 57518 | D:25     | Got a slimy cloak
 57522 | D:25     | Identified the +2 cloak of Shielding (You found it on level 25 of the Dungeon)
 57701 | D:26     | A sea snake changed into a pulsating lump
 57703 | D:26     | A pulsating lump changed into an anaconda
 57797 | D:26     | Got a warped shield
 57809 | D:26     | Identified the -3 shield "Deosm" (You acquired it on level 26 of the Dungeon)
 58097 | D:26     | Noticed an ancient lich
 58110 | D:26     | Defeated an ancient lich
 58116 | D:26     | Noticed a golden dragon
 58131 | D:26     | Defeated a golden dragon
 58131 | D:26     | Reached XP level 23. HP: 132/194 MP: 29/29
 58320 | D:26     | Noticed a trident
 58329 | D:26     | Defeated a trident
 58451 | D:26     | Noticed an orc warlord
 58483 | D:26     | Defeated an orc warlord
 58901 | D:26     | Noticed Mennas
 58922 | D:26     | Defeated Mennas
 58964 | D:27     | Entered Level 27 of the Dungeon
 59233 | D:27     | Noticed a deep elf summoner
 59256 | D:27     | Defeated a deep elf summoner
 59394 | D:27     | Noticed Boris
 59428 | D:27     | Defeated Boris
 59428 | D:27     | Reached skill level 15 in Translocations
 59546 | D:27     | Noticed a deep elf priest
 59869 | D:27     | Gained mutation: You are clumsy (Dex -1).
 59871 | D:27     | Gained mutation: Your body is slowly deteriorating.
 59991 | D:27     | Defeated a deep elf priest
 60018 | D:27     | Found a blossoming altar of Fedhas.
 60946 | D:27     | Got a twitching steel ring
 60962 | D:27     | Identified the ring of Atiggiy (You found it on level 27 of the Dungeon)
 61477 | Hive:1   | Lost mutation: Your body is slowly deteriorating.
 61477 | Hive:1   | Lost mutation: You are clumsy (Dex -1).
 61477 | Hive:1   | Lost mutation: You are frail (-10% HP).
 61629 | Lair:2   | Learned a level 5 spell: Phase Shift
 61637 | Lair:2   | Learned a level 7 spell: Controlled Blink
 61773 | Snake:5  | Entered Level 5 of the Snake Pit
 62760 | Snake:5  | Got a serpentine rune of Zot
 63246 | Shoals:1 | Entered Level 1 of the Shoals
 63422 | Shoals:2 | Reached XP level 24. HP: 225/225 MP: 29/29
 63487 | Shoals:3 | Found an ancient bone altar of Kikubaaqudgha.
 63758 | Shoals:5 | Entered Level 5 of the Shoals
 63925 | Shoals:5 | Noticed Ilsuiw
 63968 | Shoals:5 | Defeated Ilsuiw
 64373 | Shoals:5 | Got a shimmering quarterstaff
 64374 | Shoals:5 | Identified the cursed quarterstaff of the Scorpion {pain, +Rage +Inv rF+ MR} (You found it on level 5 of the Shoals)
 64486 | Shoals:5 | Got a barnacled rune of Zot
 65008 | Vault:8  | Entered Level 8 of the Vaults
 65345 | Vault:8  | Noticed a golden dragon
 65378 | Vault:8  | Defeated a golden dragon
 66410 | Orc:4    | Bought a scroll of enchant armour for 66 gold pieces
 67270 | D:25     | Bought a scroll of enchant armour for 60 gold pieces
 67992 | Vault:8  | Noticed a golden dragon
 68041 | Vault:8  | Defeated a golden dragon
 68152 | Vault:8  | Noticed a quicksilver dragon
 68193 | Vault:8  | Defeated a quicksilver dragon
 68329 | Vault:8  | Got an antique book
 68330 | Vault:8  | Identified Efowapp's Almanac of the Virous Entourage (You found it on level 8 of the Vaults)
 68332 | Vault:8  | Got a shimmering cloak
 68336 | Vault:8  | Identified the +1 cloak of the City (You found it on level 8 of the Vaults)
 68339 | Vault:8  | jeanjacques: wouldnt spellcasting be a lot cheaper and more effective than tloc now?
 68339 | Vault:8  | maybe, but each point of tloc is worth 4 spellcasting for casting cblink
 68339 | Vault:8  | I guess reducing hunger on phase shift is convenient
 68343 | Vault:8  | Got a bloodstained flail
 68344 | Vault:8  | Identified the cursed flail "Poshamna" {flame, rElec rC+} (You found it on level 8 of the Vaults)
 68378 | Vault:8  | Got a droning book
 68380 | Vault:8  | Identified the Collected Works on Nocuous Creation (You found it on level 8 of the Vaults)
 68381 | Vault:8  | Got a black book
 68382 | Vault:8  | Identified Pompameu's Reference Book on Icy Confrontation (You found it on level 8 of the Vaults)
 68384 | Vault:8  | Got a vibrating amber ring
 68395 | Vault:8  | ha
 68396 | Vault:8  | Got a dazzling eveningstar
 68397 | Vault:8  | Identified the cursed eveningstar "Daugh" {pierce, rF+ rN+} (You found it on level 8 of the Vaults)
 68423 | Vault:8  | Got a silver rune of Zot
 68459 | Vault:8  | Got a blackened book
 68460 | Vault:8  | Identified the Guide on the Snowflakes (You found it on level 8 of the Vaults)
 68462 | Vault:8  | Got a warped marble ring
 68466 | Vault:8  | Got a yellowed book
 68467 | Vault:8  | Identified the Papyrus of Ghastly Boosts (You found it on level 8 of the Vaults)
 68470 | Vault:8  | Learned a level 2 spell: Swiftness
 68475 | Vault:8  | Learned a level 4 spell: Control Teleport
 68487 | Vault:8  | Identified the ring of Qenowub (You found it on level 8 of the Vaults)
 68487 | Vault:8  | Identified the ring of Eternal Harmony (You found it on level 8 of the Vaults)
 69111 | Vault:8  | A merfolk changed into a guardian serpent
 69116 | Vault:8  | A guardian serpent changed into a boring beetle
 69156 | Vault:8  | Noticed an iron dragon
 69181 | Vault:8  | Defeated an iron dragon
 69308 | Vault:8  | Got a shimmering dagger
 69309 | Vault:8  | Identified the dagger "Skusoll" {stab, rPois Int+2 SInv} (You found it on level 8 of the Vaults)
 69534 | Vault:8  | Reached skill level 10 in Spellcasting
 69598 | Vault:8  | Reached XP level 25. HP: 232/232 MP: 31/31
 70017 | Vault:8  | Reached skill level 5 in Air Magic
 70483 | D:16     | Bought the Tome of Supportive Self-Knowledge for 1305 gold pieces
 70489 | D:16     | Learned a level 4 spell: Insulation
 70647 | Lair:2   | Learned a level 4 spell: Flight
 70656 | Lair:2   | Learned a level 6 spell: Dispersal
 71211 | Zot:1    | Entered Level 1 of the Realm of Zot
 71408 | Zot:1    | XOM: torment (131/230 hp)
 71608 | Zot:5    | Entered Level 5 of the Realm of Zot
 71906 | Zot:4    | Reached skill level 10 in Charms
 72011 | Zot:5    | Noticed an ancient lich
 72016 | Zot:5    | Noticed an ancient lich
 72026 | Zot:5    | Noticed an ancient lich
 72027 | Zot:5    | Noticed an orb of fire
 72027 | Zot:5    | Noticed an orb of fire
 72053 | Zot:5    | Got the Orb of Zot
 72063 | Zot:5    | Noticed an orb of fire
 72063 | Zot:5    | Noticed an orb of fire
 72069 | Zot:5    | Noticed an ancient lich
 72079 | Zot:5    | Gained mutation: You are frail (-10% HP).
 72168 | Zot:1    | Gained mutation: You are weak (Str -1).
 72518 | D:16     | Gained mutation: You are dopey (Int -1).
 72550 | D:15     | Gained mutation: Armour fits poorly on your unusually shaped body.
 72677 | D:9      | Gained mutation: Your body is slowly deteriorating.
 72708 | D:7      | Noticed Uxkunwata the pandemonium lord
 72756 | D:5      | Gained mutation: Armour fits poorly on your deformed body.
 72934 | D:$      | Escaped with the Orb!
